 Dungeon Crawl Stone Soup version 0.29-a0-296-gda187f2e07 (webtiles) character file.

Game seed: 16839619273530525668

1374 sanka the Chopper (level 8, 0/67 HPs)
             Began as a Gnoll Cinder Acolyte on Mar 19, 2022.
             Was a High Priest of Ignis.
             Slain by an orc warrior
             ... wielding a +0 glaive
              (20 damage)
             ... on level 6 of the Dungeon.
             The game lasted 00:09:04 (7301 turns).

sanka the Chopper (Gnoll Cinder Acolyte)            Turns: 7301, Time: 00:09:04

Health: 0/67       AC:  5    Str: 14    XL:     8   Next: 66%
Magic:  8/14       EV: 17    Int: 13    God:    Ignis [*****.]
Gold:   0          SH:  0    Dex: 16    Spells: 14/16 levels left

rFire   + . .      SeeInvis .   a - +3 war axe (venom)
rCold   . . .      Faith    .   (no shield)
rNeg    . . .      Spirit   .   b - +0 robe
rPois   .          Reflect  .   (no helmet)
rElec   .          Harm     .   x - +0 cloak
rCorr   .          Rampage  .   (no gloves)
Will    .....                   v - +1 pair of boots {Stlth+}
Stlth   +++.......              (no amulet)
HPRegen 0.21/turn               y - +4 ring of evasion
MPRegen 0.14/turn               k - +6 ring of dexterity

@: no status effects
A: fangs 1, strong nose, distributed training
a: Renounce Religion, Fiery Armour, Foxfire Swarm, Rising Flame


You were on level 6 of the Dungeon.
You worshipped Ignis.
Ignis was extremely pleased with you.
You visited 1 branch of the dungeon, and saw 6 of its levels.

You collected 225 gold pieces.
You spent 225 gold pieces at shops.


Innate Abilities, Weirdness & Mutations

You have very sharp teeth.
Your uncanny sense of smell can sniff out nearby items.
Your experience applies equally to all skills.


   Skills:
 + Level 7.5 Fighting
 + Level 3.4 Short Blades
 + Level 3.4 Long Blades
 + Level 7.5 Axes
 + Level 3.4 Maces & Flails
 + Level 3.4 Polearms
 + Level 3.4 Staves
 + Level 3.4 Slings
 + Level 3.4 Bows
 + Level 3.4 Crossbows
 + Level 3.4 Throwing
 + Level 3.4 Armour
 + Level 3.4 Dodging
 + Level 3.4 Stealth
 + Level 3.4 Shields
 + Level 3.4 Unarmed Combat
 + Level 4.5 Spellcasting
 + Level 2.8 Conjurations
 + Level 2.8 Hexes
 + Level 2.8 Summonings
 + Level 2.8 Necromancy
 + Level 2.8 Translocations
 + Level 2.8 Transmutations
 + Level 6.2 Fire Magic
 + Level 2.8 Ice Magic
 + Level 2.8 Air Magic
 + Level 2.8 Earth Magic
 + Level 2.8 Poison Magic
 + Level 3.8 Invocations
 + Level 3.4 Evocations


You had 14 spell levels left.
You knew the following spells:

 Your Spells              Type           Power      Damage    Failure   Level
y - Scorch                Fire           38%        2d7       2%          2

Your spell library contained the following spells:

 Spells                   Type           Power      Damage    Failure   Level
 Beastly Appendage        Tmut           20%        N/A       6%          1
 Magic Dart               Conj           40%        1d5       6%          1
 Blink                    Tloc           20%        N/A       9%          2
 Call Imp                 Summ           10%        N/A       9%          2
 Static Discharge         Conj/Air       10%        N/A       9%          2
 Wereblood                Tmut           10%        N/A       9%          2
 Lesser Beckoning         Tloc           10%        N/A       19%         3
 Mephitic Cloud           Conj/Pois/Air  10%        N/A       19%         3
 Spider Form              Tmut/Pois      10%        N/A       19%         3
 Lightning Bolt           Conj/Air       5%         1d17      86%         5
 Manifold Assault         Tloc           10%        N/A       86%         5
 Maxwell's Capacitive Co  Air            5%         ∞         100%        8

Inventory:

Hand Weapons
 a - a +3 war axe of venom (weapon)
 g - a -1 hand axe of flaming
Missiles
 o - 24 poisoned darts
Armour
 b - a +0 robe (worn)
 h - a +2 kite shield of protection
 v - a +1 pair of boots of stealth (worn)
 x - a +0 cloak (worn)
Jewellery
 k - a +6 ring of dexterity (right hand)
 m - a ring of fire
 r - a ring of see invisible
 u - a ring of magical power
 y - a +4 ring of evasion (left hand)
Wands
 q - a wand of polymorph (8)
Scrolls
 f - 2 scrolls of fog
 i - 5 scrolls of teleportation {@r4}
 n - 2 scrolls of magic mapping
 s - a scroll of immolation {!r}
Potions
 c - a potion of flight {unknown}
 d - 2 potions of curing {unknown}
 e - 3 potions of magic {unknown}
 j - a potion of heal wounds {unknown}
 l - a potion of mutation {unknown}
 p - 2 potions of invisibility
 t - a potion of lignification {unknown}
 w - a potion of resistance {unknown}

Dungeon Overview and Level Annotations

Branches:
Dungeon (6/15)
 Temple: D:4-7

Altars:
Ashenzari
Gozag
Trog
Wu Jian

Shops:
D:1 [   D:3 ? D:5

?
..........▒▒...........
▒......▒▒.▒▒............
▒▒▒...▒▒▒...............
▒▒▒▒▒ ▒▒..............
▒▒......£......
▒..............
▒▒.............
▒▒............▒
▒......go....▒
.......▒▒▒).▒▒▒▒
..▒▒▒▒▒▒ ▒.▒ ▒▒▒ .▒ ▒


You could see an orc warrior (combustible).


Message History

The boomerang closely misses you.
An orc warrior comes into view. It is wielding a +0 glaive.
The orc throws a boomerang.
The boomerang barely misses you.
You slash the orc!
You kill the orc!
The orc warrior hits you from afar with a +0 glaive!!
An orc priest comes into view. It is wielding a +0 club.
The orc warrior closely misses you.
The orc priest shouts!
Things that are here:
a +0 dagger; 2 boomerangs Flames lash the orc warrior.
The orc warrior is heavily wounded.
The orc warrior's fire resistance burns away.
The orc warrior misses you.
The orc priest calls down the wrath of Beogh upon you.
Pain shoots through your body!
* * * LOW HITPOINT WARNING * * *
Flames lash the orc priest.
The orc priest is heavily wounded.
The orc priest's fire resistance burns away.
The orc priest closely misses you.
The orc warrior hits you with a +0 glaive!
* * * LOW HITPOINT WARNING * * *
Flames lash the orc priest.
The orc priest is burned terribly!
You kill the orc priest!
The orc warrior hits you with a +0 glaive!!
You die...

Action                   |  1- 3 |  4- 6 |  7- 9 || total
-------------------------+-------+-------+-------++-------
Melee: Hand axe          |    82 |     2 |       ||    84
       Bite              |     7 |     5 |     6 ||    18
       Punch             |     2 |     1 |     3 ||     6
       War axe           |       |    46 |    75 ||   121
 Cast: Scorch            |    12 |    32 |    34 ||    78
  Use: Scroll            |       |       |     5 ||     5
 Stab: Sleeping          |       |     1 |       ||     1
Armor: Robe              |    26 |    10 |     7 ||    43
Dodge: Dodged            |    64 |    43 |    46 ||   153

Levels and vault maps discovered:
D:1:      dpeg_arrival_caged_fury, layout_basic, serial_shops,
          nicolae_diamond_shop, minmay_misc_feat_roman, minmay_tripent
D:2:      layout_basic, chequers_ecumenical_altar_twisty, uniq_terence
D:3:      layout_basic, lemuel_round_altar, nzn_wu_jian_contemplation,
          serial_shops, shop
D:4:      layout_rooms, kennysheep_mini, chequers_serial_rivers_large_b,
          uniq_blork_the_orc, uniq_eustachio
D:5:      layout_loops_ring, mainiacjoe_overflow_small_starburst, serial_shops,
          nicolae_shop_temple_entry_statues_fountains
D:6:      layout_cave_pods, nicolae_qazlal_style_of_elements, elyvilon_altar_1,
          minmay_temple_entry_butterflies

Notes
Turn   | Place    | Note
-------+----------+-------------------------------------------
     0 | D:1      | sanka the Gnoll Cinder Acolyte began the quest for the Orb.
     0 | D:1      | Reached XP level 1. HP: 23/23 MP: 4/4
     1 | D:1      | Found a runed translucent door.
   396 | D:1      | Reached XP level 2. HP: 9/29 MP: 5/5
   614 | D:1      | Learned a level 2 spell: Scorch
   834 | D:1      | Found Woasigim's Antique Armour Emporium.
  1327 | D:2      | Reached XP level 3. HP: 24/35 MP: 7/7
  1481 | D:1      | Reached skill level 1 in Invocations
  1733 | D:2      | Found a faded altar of an unknown god.
  1820 | D:2      | Reached skill level 1 in Short Blades
  1820 | D:2      | Reached skill level 1 in Long Blades
  1820 | D:2      | Reached skill level 1 in Maces & Flails
  1820 | D:2      | Reached skill level 1 in Polearms
  1820 | D:2      | Reached skill level 1 in Staves
  1820 | D:2      | Reached skill level 1 in Slings
  1820 | D:2      | Reached skill level 1 in Bows
  1820 | D:2      | Reached skill level 1 in Crossbows
  1820 | D:2      | Reached skill level 1 in Throwing
  1820 | D:2      | Reached skill level 1 in Armour
  1820 | D:2      | Reached skill level 1 in Dodging
  1820 | D:2      | Reached skill level 1 in Stealth
  1820 | D:2      | Reached skill level 1 in Shields
  1820 | D:2      | Reached skill level 1 in Unarmed Combat
  1820 | D:2      | Reached skill level 1 in Evocations
  1936 | D:2      | Noticed Terence
  1943 | D:2      | Killed Terence
  1944 | D:2      | Reached skill level 3 in Spellcasting
  1944 | D:2      | Reached XP level 4. HP: 24/41 MP: 1/8
  2227 | D:2      | Reached skill level 1 in Conjurations
  2227 | D:2      | Reached skill level 1 in Hexes
  2227 | D:2      | Reached skill level 1 in Summonings
  2227 | D:2      | Reached skill level 1 in Necromancy
  2227 | D:2      | Reached skill level 1 in Translocations
  2227 | D:2      | Reached skill level 1 in Transmutations
  2227 | D:2      | Reached skill level 1 in Ice Magic
  2227 | D:2      | Reached skill level 1 in Air Magic
  2227 | D:2      | Reached skill level 1 in Earth Magic
  2227 | D:2      | Reached skill level 1 in Poison Magic
  3025 | D:3      | Found Asiot's Magic Scroll Emporium.
  3035 | D:3      | Found a bloodstained altar of Trog.
  3396 | D:3      | Reached XP level 5. HP: 47/47 MP: 4/9
  3499 | D:3      | Found an ornate altar of the Wu Jian Council.
  4042 | D:4      | Noticed an ogre
  4044 | D:4      | Killed an ogre
  4045 | D:4      | Reached skill level 2 in Invocations
  4045 | D:4      | Reached XP level 6. HP: 38/53 MP: 7/10
  4053 | D:4      | Reached skill level 2 in Short Blades
  4053 | D:4      | Reached skill level 2 in Long Blades
  4053 | D:4      | Reached skill level 2 in Maces & Flails
  4053 | D:4      | Reached skill level 2 in Polearms
  4053 | D:4      | Reached skill level 2 in Staves
  4053 | D:4      | Reached skill level 2 in Slings
  4053 | D:4      | Reached skill level 2 in Bows
  4053 | D:4      | Reached skill level 2 in Crossbows
  4053 | D:4      | Reached skill level 2 in Throwing
  4053 | D:4      | Reached skill level 2 in Armour
  4053 | D:4      | Reached skill level 2 in Dodging
  4053 | D:4      | Reached skill level 2 in Stealth
  4053 | D:4      | Reached skill level 2 in Shields
  4053 | D:4      | Reached skill level 2 in Unarmed Combat
  4053 | D:4      | Reached skill level 2 in Evocations
  4320 | D:4      | Noticed Blork the orc
  4345 | D:4      | Killed Blork the orc
  4453 | D:4      | Noticed Eustachio
  4625 | D:3      | Killed Eustachio
  4626 | D:3      | Reached skill level 7 in Fighting
  4626 | D:3      | Reached skill level 7 in Axes
  4626 | D:3      | Reached XP level 7. HP: 49/60 MP: 6/12
  4687 | D:4      | Reached skill level 2 in Conjurations
  4687 | D:4      | Reached skill level 2 in Hexes
  4687 | D:4      | Reached skill level 2 in Summonings
  4687 | D:4      | Reached skill level 2 in Necromancy
  4687 | D:4      | Reached skill level 2 in Translocations
  4687 | D:4      | Reached skill level 2 in Transmutations
  4687 | D:4      | Reached skill level 2 in Ice Magic
  4687 | D:4      | Reached skill level 2 in Air Magic
  4687 | D:4      | Reached skill level 2 in Earth Magic
  4687 | D:4      | Reached skill level 2 in Poison Magic
  4788 | D:4      | Found an opulent altar of Gozag.
  5326 | D:5      | Entered Level 5 of the Dungeon
  5363 | D:5      | Reached skill level 4 in Spellcasting
  5363 | D:5      | Reached skill level 3 in Invocations
  5627 | D:5      | Reached skill level 6 in Fire Magic
  5627 | D:5      | Reached XP level 8. HP: 58/67 MP: 14/14
  5726 | D:5      | Reached skill level 3 in Short Blades
  5726 | D:5      | Reached skill level 3 in Long Blades
  5726 | D:5      | Reached skill level 3 in Maces & Flails
  5726 | D:5      | Reached skill level 3 in Polearms
  5726 | D:5      | Reached skill level 3 in Staves
  5726 | D:5      | Reached skill level 3 in Slings
  5726 | D:5      | Reached skill level 3 in Bows
  5726 | D:5      | Reached skill level 3 in Crossbows
  5726 | D:5      | Reached skill level 3 in Throwing
  5726 | D:5      | Reached skill level 3 in Armour
  5726 | D:5      | Reached skill level 3 in Dodging
  5726 | D:5      | Reached skill level 3 in Stealth
  5726 | D:5      | Reached skill level 3 in Shields
  5726 | D:5      | Reached skill level 3 in Unarmed Combat
  5726 | D:5      | Reached skill level 3 in Evocations
  6058 | D:5      | Found Niagyq's Magic Scroll Shop.
  6192 | D:1      | Bought a pair of embroidered boots for 165 gold pieces
  6272 | D:3      | Bought a scroll of teleportation for 36 gold pieces
  6272 | D:3      | Bought a scroll of identify for 24 gold pieces
  6322 | D:5      | Found a broken altar of Ashenzari.
  6798 | D:6      | Noticed a yak
  6798 | D:6      | Noticed a yak
  6802 | D:6      | Noticed a yak
  6815 | D:5      | Killed a yak
  7301 | D:6      | Slain by an orc warrior

Vanquished Creatures
  A yak (D:5)
  Eustachio (D:3)
  An ice beast (D:5)
  An ogre (D:4)
  A phantom (D:4)
  Blork the orc (D:4)
  A necrophage (D:4)
  2 scorpions (D:5)
  3 hounds
  A jelly (D:6)
  2 orc priests (D:6)
  A gnoll shaman (D:5)
  3 iguanas (D:5)
  Terence (D:2)
  3 orc wizards
  4 gnolls (D:5)
  6 adders
  6 worms
  4 dart slugs
  24 orcs
  5 ball pythons
  9 endoplasms
  5 giant cockroaches
  4 goblins
  6 hobgoblins
  8 jackals
  5 kobolds
  A quokka (D:4)
  6 bats
  3 frilled lizards
  5 rats
124 creatures vanquished.

Vanquished Creatures (others)
  An orc (D:6)
1 creature vanquished.

Grand Total: 125 creatures vanquished
